 Dungeon Crawl Stone Soup version 0.18.1-8-gdd0e5ea (webtiles) character file.

49 stauk the Cutter (level 4, 0/28 HPs)
             Began as a Kobold Fighter on June 1, 2016.
             Succumbed to an adder's poison
             ... on level 2 of the Dungeon.
             The game lasted 00:08:51 (1142 turns).

stauk the Cutter (Kobold Fighter)                   Turns: 1142, Time: 00:08:52

Health: 0/28       AC:  7    Str: 14    XL:     4   Next: 1%
Magic:  4/4        EV:  9    Int: 11    God:
Gold:   80         SH:  9    Dex: 16    Spells: 0 memorised, 3 levels left

rFire  . . .     SeeInvis .     a - +0 rapier
rCold  . . .     Gourm    .     b - +0 scale mail
rNeg   . . .     Faith    .     c - +0 shield
rPois  .         Spirit   .     (no helmet)
rElec  .         Dismiss  .     (no cloak)
rCorr  .         Reflect  .     k - +0 pair of gloves
SustAt +         Harm     .     (no boots)
MR     .....                    (no amulet)
Stlth  ..........               (no ring)
                                o - ring of sustain attributes

@: brilliant, lethally poisoned (0 -> -2), very slightly contaminated, invisible
(expiring), not resistant to hostile enchantments, extremely unstealthy
A: carnivore 3
a: no special abilities


You were on level 2 of the Dungeon.
You were completely stuffed.

You visited 1 branch of the dungeon, and saw 2 of its levels.

You collected 80 gold pieces.

Inventory:

Hand Weapons
 a - a +0 rapier (weapon)
Armour
 b - a +0 scale mail (worn)
 c - a +0 shield (worn)
 k - a +0 pair of gloves (worn)
Jewellery
 o - a ring of sustain attributes (left hand)
Scrolls
 g - 2 scrolls of enchant armour
 i - 2 scrolls of identify
Potions
 d - a potion of might
Comestibles
 f - a meat ration
 n - a beef jerky


   Skills:
 + Level 3.4 Fighting
 * Level 3.6 Short Blades
 + Level 2.6 Armour
 + Level 1.2 Dodging
 + Level 2.9 Shields


You had 3 spell levels left.
You didn't know any spells.

Dungeon Overview and Level Annotations

Branches:
Dungeon (2/15)

Altars:


Innate Abilities, Weirdness & Mutations

You are small and have problems with some larger weapons.
You are carnivorous and can eat meat at any time.


Message History

You feel healthier.
You feel clumsy.
As you read the scroll labeled ZITTIW ER FUPIF, it crumbles to dust.
It is a scroll of identify.
Identify which item? (\ to view known items) (? for menu, Esc to quit)
g - 2 scrolls of enchant armour
* * * LOW HITPOINT WARNING * * *
You feel sick.
As you read the scroll labeled ATWEPRUISA, it crumbles to dust.
You feel aware of your surroundings.
You sensed 1 altar.
It was a scroll of magic mapping.
As you read the scroll labeled QAADISHRYOMN, it crumbles to dust.
It is a scroll of recharging.
You aren't carrying any rechargeable items.
As you read the scroll labeled LIRIKOGHAD, it crumbles to dust.
It is a scroll of amnesia.
You feel forgetful for a moment.
You flicker for a moment.
There is a lethal amount of poison in your body!
There is a lethal amount of poison in your body!
You die...

*,*
#.#.################.##.
*,*****##.#........## #.##.
*,,,,.........รท.....#
#.##. *****#############..#
#.#.. **********,** #..#
#.#.. ,,,,,,,,,,*,* #..#
#.#.. **********,** #..#
#.#.. *,*
#####..########.... *,*
##.@..........###...
*********,**#.......#####.#
#..# *,,,,,,...).........#
*,* #..#
*,*****##.###.......# *,*
#..# *,* *****,**##...#..#
*,* #..# *,*
*,,,,,,,...#..#.#* *,* #..#
**,***,***,*###...###.# *,*
#... ,,,,,*,* *,* ##.#.*,##
*,* #.#. ,,,,,*,***,*
*.*$.,* *,* #.#.


There were no monsters in sight!

Vanquished Creatures
  A gnoll (D:1)
  2 adders (D:2)
  2 bats
  2 giant cockroaches
  3 goblins
  A hobgoblin (D:1)
  2 kobolds
  A quokka (D:2)
  2 giant newts (D:1)
  5 rats
21 creatures vanquished.

Notes
Turn   | Place    | Note
--------------------------------------------------------------
     0 | D:1      | stauk the Kobold Fighter began the quest for the Orb.
     0 | D:1      | Reached XP level 1. HP: 14/14 MP: 1/1
    53 | D:1      | Reached XP level 2. HP: 17/19 MP: 2/2
   427 | D:1      | Reached XP level 3. HP: 23/23 MP: 3/3
  1118 | D:2      | Reached skill level 1 in Dodging
  1120 | D:2      | Reached XP level 4. HP: 6/28 MP: 4/4
  1129 | D:2      | Gained mutation: You are agile. (Dex +2) [potion of beneficial mutation]
  1131 | D:2      | Gained mutation: Your muscles are strong. (Str +2) [potion of mutation]
  1131 | D:2      | Gained mutation: Your body sometimes deteriorates upon taking damage. [potion of mutation]
  1131 | D:2      | Lost mutation: Your muscles are strong. (Str +2) [potion of mutation]
  1134 | D:2      | HP: 1/28 [poisoned by an adder]
  1136 | D:2      | Lost mutation: Your body sometimes deteriorates upon taking damage. [potion of cure mutation]
  1136 | D:2      | Lost mutation: You are agile. (Dex +2) [potion of cure mutation]
  1142 | D:2      | Succumbed to an adder's poison

Skill      XL: |  1  2  3 |
---------------+----------+-----
Short Blades   | 3 |  3.6
Dodging        | 1 |  1.2
Fighting       | |  3.4
Armour         | |  2.6
Shields        | |  2.9

Action                   |  1- 3 |  4- 6 || total
-------------------------+-------+-------++-------
Melee: Rapier            |    71 |       ||    71
  Use: Potion            |       |     5 ||     5
       Scroll            |       |     4 ||     4
  Eat: Chunk             |     8 |     1 ||     9
Armor: Scale mail        |    25 |       ||    25
Dodge: Dodged            |    20 |       ||    20
Block: Shield            |    39 |       ||    39
